 Dungeon Crawl Stone Soup version 0.22.1-2-g9c5b331383 (webtiles) character file.

332 Jerry the Covered (level 6, 0/43 HPs)
             Began as a Halfling Fighter on Nov 30, 2018.
             Slain by a slave (4 damage)
             ... led by Pikel
             ... on level 4 of the Dungeon.
             The game lasted 00:05:01 (2608 turns).

Jerry the Covered (Halfling Fighter)                Turns: 2608, Time: 00:05:02

Health: 0/43       AC:  8    Str: 19    XL:     6   Next: 82%
Magic:  6/6        EV: 13    Int:  6    God:
Gold:   144        SH:  0    Dex: 14    Spells: 5/5 levels left

rFire    . . .     SeeInvis .   a - +0 war axe
rCold    . . .     Gourm    .   (shield restricted)
rNeg     . . .     Faith    .   b - +0 scale mail
rPois    .         Spirit   .   i - +0 helmet (curse)
rElec    .         Reflect  .   (no cloak)
rCorr    .         Harm     .   (no gloves)
MR       .....                  (no boots)
Stlth    ..........             (no amulet)
HPRegen  0.14/turn              (no ring)
MPRegen  0.10/turn              (no ring)

@: no status effects
A: small, mutation resistance 1
a: no special abilities


You were on level 4 of the Dungeon.
You were not hungry.

You visited 1 branch of the dungeon, and saw 4 of its levels.

You collected 144 gold pieces.

Inventory:

Hand Weapons
 a - a +0 war axe (weapon)
Armour
 b - a +0 scale mail (worn)
 i - a cursed +0 helmet (worn)
Scrolls
 c - 2 scrolls of immolation {unknown}
 d - 2 scrolls of remove curse {unknown}
 h - a scroll of teleportation {unknown}
 j - 3 scrolls of identify {unknown}
Potions
 e - 2 potions of curing {unknown}
 g - a potion of flight {unknown}
 k - a potion of agility {unknown}
 l - 2 potions of brilliance {unknown}
 m - a potion of ambrosia {unknown}
 o - a potion of invisibility {unknown}
Comestibles
 f - 8 rations
 n - 10 chunks of flesh


   Skills:
 + Level 3.7 Fighting
 * Level 4.4 Axes
 + Level 4.5 Armour
 + Level 2.8 Dodging
   Level 3.2 Shields


You had 5 spell levels left.
You didn't know any spells.
Your spell library was empty.

Dungeon Overview and Level Annotations

Branches:
Dungeon (4/15)
 Temple: D:4-7

Altars:
Ru

Annotations:
D:3 Grinder
D:4 Pikel


Innate Abilities, Weirdness & Mutations

You are small and have problems with some larger weapons.
You are somewhat resistant to further mutation.


Message History

The slave hits you.
* * * LOW HITPOINT WARNING * * *
Your scale mail prevents you from hitting the slave.
The slave is severely wounded.
The slave hits you.
* * * LOW HITPOINT WARNING * * *
The slave barely misses you.
Your scale mail prevents you from hitting the slave.
The slave is severely wounded.
The slave hits you but does no damage.
You hit the slave but do no damage.
The slave is severely wounded.
The slave hits you but does no damage.
You hit the slave.
The slave is almost dead.
The slave closely misses you. x2
You closely miss the slave.
The slave is almost dead.
The slave hits you.
You die...

......................
.....................
....................#
....)...............#
.....<.............##
.....[............##
.................##
.................#####
.........[.....p@)(.(#
..............#####...#
.........(...## #...#
............## #...#
...........## .....
..........## [...
..........# ###
...........#
..............


You could see a slave.

Vanquished Creatures
  Sigmund (D:2)
  Natasha (thrice) (D:2)
  A gnoll (D:1)
  An adder (D:2)
  4 worms
  2 dart slugs
  2 leopard geckos
  5 orcs (D:4)
  8 bats
  2 giant cockroaches
  10 hobgoblins
  3 jackals (D:2)
  10 kobolds
  A quokka (D:4)
  3 frilled lizards
  7 goblins
  A quokka skeleton (D:4)
  5 rats
69 creatures vanquished.

Notes
Turn   | Place    | Note
-------+----------+-------------------------------------------
     0 | D:1      | Jerry the Halfling Fighter began the quest for the Orb.
     0 | D:1      | Reached XP level 1. HP: 15/15 MP: 1/1
   316 | D:1      | Reached XP level 2. HP: 4/20 MP: 2/2
   705 | D:1      | Reached XP level 3. HP: 16/25 MP: 3/3
   840 | D:1      | Reached skill level 1 in Dodging
  1329 | D:2      | Reached XP level 4. HP: 31/31 MP: 4/4
  1330 | D:2      | Noticed Sigmund
  1340 | D:2      | Killed Sigmund
  1340 | D:2      | Reached XP level 5. HP: 36/36 MP: 5/5
  1340 | D:2      | Reached XP level 6. HP: 42/42 MP: 6/6
  1361 | D:2      | Noticed Natasha
  1366 | D:2      | Killed Natasha
  1752 | D:2      | Noticed Natasha
  1760 | D:2      | Killed Natasha
  1897 | D:2      | Noticed Natasha
  1905 | D:2      | Killed Natasha
  2156 | D:3      | Found a sacrificial altar of Ru.
  2286 | D:3      | Noticed Grinder
  2292 | D:3      | Paralysed by Grinder for 7 turns
  2300 | D:3      | Paralysed by Grinder for 7 turns
  2558 | D:4      | Noticed a slave
  2558 | D:4      | Noticed Pikel
  2608 | D:4      | Slain by a slave

Skill      XL: |  1  2  3  4  5  6 |
---------------+-------------------+-----
Dodging        | 1 2 |  2.8
Fighting       | 3 |  3.7
Axes           | 3 4 |  4.4
Armour         | 4 |  4.5
Shields        | |  3.2

Action                   |  1- 3 |  4- 6 || total
-------------------------+-------+-------++-------
Melee: War axe           |    90 |   145 ||   235
  Use: Potion            |       |     1 ||     1
  Eat: Chunk             |     1 |     5 ||     6
Armor: Scale mail        |    49 |    53 ||   102
Dodge: Dodged            |    82 |   107 ||   189
